 Dungeon Crawl Stone Soup version 0.30-a0-737-gf23d94013f (webtiles) character file.

Game seed: 3231027607735543433

762 jimonade the Sneak (level 8, 0/56 HPs)
             Began as a Djinni Brigand on Feb 2, 2023.
             Was an Initiate of Ashenzari.
             Slain by Pikel
             ... wielding a +1 whip of flaming
              (5 damage)
             ... on level 5 of the Dungeon on Feb 3, 2023.
             The game lasted 00:13:29 (5184 turns).

jimonade the Sneak (Djinni Brigand)                 Turns: 5184, Time: 00:13:29

Health: 0/56       AC:  3    Str: 10    XL:     8   Next: 8%
Gold:   205        EV: 13    Int: 15    God:    Ashenzari [......] SH:  0 Dex: 15

rFire   + + .      SeeInvis .    a - +2 dagger
rCold   x . .      Faith    .    (no shield)
rNeg    . . .      Spirit   .    b - +0 robe
rPois   ∞          Reflect  .    (no helmet)
rElec   .          Harm     .    c - +0 cloak of the Shattered Empyrean {Range, Self} (curse)
rCorr   +          Rampage  .    (no gloves)
Will    +....                    (boots unavailable)
Stlth   +++                      i - amulet of regeneration
HPRegen 1.09/turn                m - ring of willpower
MPRegen 0.00/turn                q - ring of resist corrosion

@: flying
A: sickness immunity, fire resistance 2, cold vulnerability 1, float, innate
caster, HP casting, extra vitality 1
a: Renounce Religion, Shatter the Chains


You were on level 5 of the Dungeon.
You worshipped Ashenzari.
Ashenzari was noncommittal.
You visited 2 branches of the dungeon, and saw 6 of its levels.

You collected 205 gold pieces.

Inventory:

Hand Weapons
 a - a +2 dagger (weapon)
Missiles
 d - 5 poisoned darts (quivered)
 e - 5 curare-tipped darts
Armour
 b - a +0 robe (worn)
 c - the cursed +0 cloak of the Shattered Empyrean (worn) {Range, Self}

   It has a curse which improves the following skills: Ranged Combat: Ranged
   Weapons and Throwing.
   Introspection: Fighting and Spellcasting.
 p - the +0 leather armour of Crawling {+Blink rElec rC- Dex+3}
   (You found it on level 3 of the Dungeon)

   Dex:       It affects your dexterity (+3).
   rC:        It makes you vulnerable to cold.
   rElec:     It insulates you from electricity.
   +Blink:    It lets you blink.
Magical Staves
 y - a staff of fire
Jewellery
 i - an amulet of regeneration (around neck)
 m - a ring of willpower (left hand)
 q - a ring of resist corrosion (right hand)
Wands
 o - a wand of polymorph (5)
Scrolls
 g - 5 scrolls of identify {unknown}
 j - a scroll of noise {unknown}
 n - a scroll of vulnerability {unknown}
 s - a scroll of teleportation {unknown}
 t - a scroll of silence {unknown}
 u - a scroll of enchant armour {unknown}
 z - 2 scrolls of poison {unknown}
 A - 2 scrolls of blinking {unknown}
 B - a scroll of enchant weapon {unknown}
Potions
 f - 2 potions of lignification {unknown}
 h - a potion of mutation {unknown}
 k - a potion of attraction {unknown}
 l - a potion of ambrosia {unknown}
 r - 2 potions of degeneration {unknown}
 v - a potion of berserk rage {unknown}
 w - 3 potions of brilliance {unknown}
 x - 2 potions of might {unknown}


   Skills:
 + Level 3.1(3.5) Fighting
 * Level 4.5 Short Blades
 + Level 2.0(2.3) Throwing
 + Level 3.0 Dodging
 + Level 4.5 Stealth
 * Level 3.1(3.5) Spellcasting


You had 8 spell levels left.
You knew the following spells:

 Your Spells              Type           Power      Damage    Failure   Level
a - Shock                 Conj/Air       52%        1d6       4%          1
b - Call Imp              Summ           13%        N/A       7%          2
c - Ozocubu's Armour      Ice            13%        N/A       14%         3
Your spell library was empty.

Dungeon Overview and Level Annotations

Branches:
Dungeon (5/15)             Temple (1/1) D:4

Altars:
Ashenzari
Cheibriados
Dithmenos
Elyvilon
Fedhas
Gozag
Hepliaklqana
Makhleb
Nemelex Xobeh
Okawaru
Qazlal
Ru
Trog
Uskayaw
Xom
Yredelemnul
Zin
The Shining One

Shops:
D:3 [   D:5 (:

Annotations:
D:4 exclusion: downstairs
D:5 Pikel


Innate Abilities, Weirdness & Mutations

You are immune to sickness and miasma.
You are immune to poison.
Your flesh is very heat resistant. (rF++)
You are vulnerable to cold. (rC-)
You float through the air rather than walking.
You learn spells naturally, not from books.
Your magical power is your life essence.
You have superior vitality. (+4 MHP)


Message History

Pikel is severely wounded.
Pikel hits you but does no damage.
You completely miss Pikel.
Pikel is severely wounded.
Throw: 8 darts (poison)
Press: ? - help, Q - select action, (/) - cycle Shift-Dir - straight line, f/p - Pikel
Aim: Pikel, wielding a +1 whip of flaming and wearing a +2 robe of positive energy (severely wounded, very poisoned, 53% to hit)
You throw a poisoned dart. The poisoned dart hits Pikel.
Pikel is severely wounded.
Pikel hits you with a +1 whip of flaming!
* * * LOW HITPOINT WARNING * * *
The heat melts your icy armour.
You barely miss Pikel.
Pikel is severely wounded.
Pikel hits you with a +1 whip of flaming.
* * * LOW HITPOINT WARNING * * *
The heat melts your icy armour.
You hit Pikel but do no damage.
Pikel is severely wounded.
Pikel hits you with a +1 whip of flaming.
* * * LOW HITPOINT WARNING * * *
The heat melts your icy armour.
Throw: 7 darts (poison)
Press: ? - help, Q - select action, (/) - cycle Shift-Dir - straight line, f/p - Pikel
Aim: Pikel, wielding a +1 whip of flaming and wearing a +2 robe of positive energy (almost dead, poisoned, 53% to hit)
You throw a poisoned dart. The poisoned dart hits Pikel.
Pikel looks even sicker.
Pikel is almost dead.
Pikel closely misses you.
You closely miss Pikel.
Pikel is almost dead.
Your icy armour evaporates.
Throw: 6 darts (poison)
Press: ? - help, Q - select action, (/) - cycle Shift-Dir - straight line, f/p - Pikel
Aim: Pikel, wielding a +1 whip of flaming and wearing a +2 robe of positive energy (almost dead, very poisoned, 53% to hit)
You throw a poisoned dart. The poisoned dart hits Pikel.
Pikel looks even sicker.
Pikel is almost dead.
Pikel hits you with a +1 whip of flaming.
You die... #.... #.... #+ ## #. #.##. #.###.### #.#####. ....... +.....#. ..... #.....#. 555

... #.....#. ###K### .>.##....###
##### #..@..# .........##. ....#
#.....# .........'. ....# #.....#
.........#. ....#
#.....#######....##+ ....#
#######...........#....#.. ....#
#.................###'##..
########......##†##..............
...#..........#...#..............
...#..........#...#..............


You could see Pikel (very poisoned) and 3 lemures.

Vanquished Creatures
  A water moccasin (D:5)
  A lemure (D:5)
  2 necrophages
  2 scorpions (D:5)
  A jelly (D:5)
  An iguana (D:4)
  2 orc wizards (D:4)
  7 gnolls
  7 adders
  A dart slug (D:1)
  15 orcs
  7 ball pythons
  2 endoplasms
  5 giant cockroaches
  5 hobgoblins
  2 jackals (D:3)
  6 kobolds
  4 quokkas
  3 bats
  5 frilled lizards
  5 goblins
  A rat (D:2)
85 creatures vanquished.

Vanquished Creatures (collateral kills)
  Edmund (D:5)
1 creature vanquished.

Grand Total: 86 creatures vanquished

Notes
Turn   | Place    | Note
-------+----------+-------------------------------------------
     0 | D:1      | jimonade the Djinni Brigand began the quest for the Orb.
     0 | D:1      | Reached XP level 1. HP: 18/18 MP: 0/0
   329 | D:1      | Reached XP level 2. HP: 19/23 MP: 0/0
   564 | D:1      | Found a blossoming altar of Fedhas.
   592 | D:1      | Reached XP level 3. HP: 28/28 MP: 0/0
   592 | D:1      | Learned a level 1 spell: Shock
  1303 | D:2      | Reached XP level 4. HP: 34/34 MP: 0/0
  1848 | D:3      | Identified the +0 leather armour of Crawling {+Blink rElec
                  | rC- Dex+3}
  2025 | D:3      | Found Ymu Beiw's Armour Boutique.
  2657 | D:4      | Noticed a necrophage
  2674 | D:4      | Reached XP level 5. HP: 24/39 MP: 0/0
  2674 | D:4      | Learned a level 2 spell: Call Imp
  2696 | D:4      | Reached XP level 6. HP: 24/45 MP: 0/0
  3155 | D:4      | Found a staircase to the Ecumenical Temple.
  3161 | Temple   | Entered the Ecumenical Temple
  3442 | Temple   | Became a worshipper of Ashenzari the Shackled
  3698 | D:4      | Reached skill level 1 in Spellcasting
  4016 | D:5      | Entered Level 5 of the Dungeon
  4247 | D:5      | Noticed a water moccasin
  4276 | D:5      | Killed a water moccasin
  4277 | D:5      | Reached XP level 7. HP: 30/49 MP: 0/0
  4277 | D:5      | Learned a level 3 spell: Ozocubu's Armour
  4349 | D:5      | Noticed Edmund
  4365 | D:5      | Killed Edmund
  4886 | D:5      | Found Jool's Antique Weapon Boutique.
  4942 | D:5      | Found Nuaneop's Book Emporium.
  5083 | D:5      | Reached XP level 8. HP: 56/56 MP: 0/0
  5134 | D:5      | Noticed Pikel
  5181 | D:5      | HP: 2/56 [Pikel/+1 whip of flaming (3)]
  5184 | D:5      | Slain by Pikel

Illustrated notes

Levels and vault maps discovered:
D:1:      giann_horns, layout_loops_corners, minmay_hexomino_r4
D:2:      layout_loops_cross
D:3:      layout_basic, serial_shops, nicolae_lakefront_shop,
          lemuel_flame_loot_1
D:4:      layout_basic, minmay_temple_entry_fiery
D:5:      layout_gridville, serial_shops, shop_fountains, shop, hex_tiny,
          uniq_pikel, uniq_edmund
Temple:   mainiacjoe_temple_big_plus

Skill      XL: |  1  2  3  4  5  6  7  8 |
---------------+-------------------------+-----
Short Blades   | 2 3 4 |  4.5
Stealth        | 4 |  4.5
Dodging        | 2 3 |  3.0
Spellcasting   | 2 3 |  3.1
Throwing       | 2 |  2.0
Fighting       | 3 |  3.1

Action                     |  1- 3 |  4- 6 |  7- 9 || total
---------------------------+-------+-------+-------++-------
  Melee: Dagger            |    77 |   182 |    83 ||   342
         Punch             |     1 |     2 |       ||     3
  Throw: Dart              |       |     2 |     7 ||     9
   Cast: Shock             |       |    53 |    61 ||   114
         Ozocubu's Armour  |       |       |     6 ||     6
         Call Imp          |       |       |     2 ||     2
 Invoke: Curse Item        |       |       |     1 ||     1
   Stab: Sleeping          |     6 |     7 |       ||    13
         Distracted        |       |       |     1 ||     1
 Armour: Robe              |    22 |    36 |    12 ||    70
  Dodge: Dodged            |    47 |    72 |    46 ||   165

Table legend: (Time is in decaauts)
 A = Elapsed time spent in this place.
 B = Non-inter-level travel time spent in this place.
 C = Inter-level travel time spent in this place.
 D = Time resting spent in this place.
 E = Time spent auto-exploring this place.
 F = Levels seen in this place.
 G = Mean time per level.
                   A        B        C        D        E       F      G
               +--------+--------+--------+--------+--------+-----+--------+
         Total |   5128 |   4891 |    237 |    460 |   3542 |   6 |  854.7 |
       Dungeon |   4700 |   4516 |    184 |    460 |   3177 |   5 |  940.0 |
        Temple |    427 |    374 |     53 |      0 |    365 |   1 |  427.0 |
               +--------+--------+--------+--------+--------+-----+--------+

Top non-repeatable levels by time:
     D:4: 1360 daAuts
     D:1: 977 daAuts
     D:3: 851 daAuts
     D:5: 804 daAuts
     D:2: 706 daAuts
  Temple: 427 daAuts
